PL
FT. WORTH CATTLEMEN @ BOSTON PATRIOTS
08/24/2024
 
TOP OF THE 1ST
Ft. Worth Cattlemen batting - Pitching for Boston Patriots : RHP Lúcio Sánchez
Pitching: RHP Lúcio Sánchez
Batting: LHB Ryan Westlake 0-0: Foul Ball, location: 2F
0-1: Swinging Strike
0-2: Ball
1-2: SINGLE (Groundball, 23) (infield hit)
Batting: RHB Matt Sheppard 0-0: Grounds into double play, 5-4-3 (Groundball, 5)
Batting: RHB Luis Rivas 0-0: Ball
1-0: Called Strike
1-1: Swinging Strike
1-2: Strikes out looking
Top of the 1st over - 0 run(s), 1 hit(s), 0 error(s), 0 left on base; Ft. Worth 0 - Boston 0
BOTTOM OF THE 1ST
Boston Patriots batting - Pitching for Ft. Worth Cattlemen : LHP Paul Díaz
Pitching: LHP Paul Díaz
Batting: RHB Abílio Conceio 0-0: Ball
1-0: SOLO HOME RUN (Flyball, 78XD), Distance : 430 ft
Batting: RHB Tamasaburo Kato 0-0: Ball
1-0: Ball
2-0: Ball
3-0: Base on Balls
Batting: RHB Terry Armstrong 0-0: Ground out 2-3 (Groundball, 25)
Tamasaburo Kato to second
Batting: RHB Ben Ross 0-0: Foul Ball, location: 2F
0-1: Ball
1-1: Ground out 2-3 (Groundball, 25)
Tamasaburo Kato to third
Batting: RHB Dong-po Tien 0-0: Foul Ball, location: 2F
0-1: Ground out 5-3 (Groundball, 56)
Bottom of the 1st over - 1 run(s), 1 hit(s), 0 error(s), 1 left on base; Ft. Worth 0 - Boston 1
TOP OF THE 2ND
Ft. Worth Cattlemen batting - Pitching for Boston Patriots : RHP Lúcio Sánchez
Batting: RHB Bart Lewis 0-0: Ball
1-0: Called Strike
1-1: SINGLE (Line Drive, 56D)
Batting: RHB Júlio Maldonado 0-0: Ball
1-0: SINGLE (Groundball, 56D)
Bart Lewis to second
Batting: RHB Enrique Pérez 0-0: Ball
1-0: Called Strike
1-1: Foul Ball, location: 2F
1-2: Ball
2-2: Strikes out swinging
Batting: SHB Robby Day 0-0: Called Strike
0-1: Fly out, F8 (Flyball, 89D)
Runner from 2nd tags up, SAFE at 3rd, no throw
Batting: RHB Joey Morgan 0-0: Called Strike
0-1: Called Strike
0-2: Ball
1-2: Strikes out looking
Top of the 2nd over - 0 run(s), 2 hit(s), 0 error(s), 2 left on base; Ft. Worth 0 - Boston 1
BOTTOM OF THE 2ND
Boston Patriots batting - Pitching for Ft. Worth Cattlemen : LHP Paul Díaz
Batting: RHB Karl Schultz 0-0: Foul Ball, location: 2F
0-1: Ground out 6-3 (Groundball, 6)
Batting: LHB Alberto Enríquez 0-0: Ball
1-0: Foul Ball, location: 2F
1-1: Ball
2-1: Ball
3-1: Fly out, F8 (Flyball, 8LM)
Batting: LHB Bill Chambers 0-0: Swinging Strike
0-1: Ball
1-1: SINGLE (Groundball, 6M)
Batting: LHB Markus Richardson 0-0: Ball
1-0: Ball
Bill Chambers steals 2nd base
2-0: Foul Ball, location: 2F
2-1: Ground out 1-3 (Groundball, 13S)
Bottom of the 2nd over - 0 run(s), 1 hit(s), 0 error(s), 1 left on base; Ft. Worth 0 - Boston 1
TOP OF THE 3RD
Ft. Worth Cattlemen batting - Pitching for Boston Patriots : RHP Lúcio Sánchez
Batting: RHB Dave King 0-0: Ball
1-0: Ball
2-0: Called Strike
2-1: SOLO HOME RUN (Line Drive, 7LD), Distance : 356 ft
Batting: LHB Ryan Westlake 0-0: Ball
1-0: Ball
2-0: Ground out 4-3 (Groundball, 4M)
Batting: RHB Matt Sheppard 0-0: Swinging Strike
0-1: Foul Ball, location: 2F
0-2: Ball
1-2: Ball
2-2: Strikes out looking
Batting: RHB Luis Rivas 0-0: Ball
1-0: Called Strike
1-1: Foul Ball, location: 2F
1-2: Foul Ball, location: 2F
1-2: Strikes out looking
Top of the 3rd over - 1 run(s), 1 hit(s), 0 error(s), 0 left on base; Ft. Worth 1 - Boston 1
BOTTOM OF THE 3RD
Boston Patriots batting - Pitching for Ft. Worth Cattlemen : LHP Paul Díaz
Batting: RHB Abílio Conceio 0-0: Called Strike
0-1: Called Strike
0-2: Fly out, F8 (Flyball, 8LXD)
Batting: RHB Tamasaburo Kato 0-0: Ball
1-0: Foul Ball, location: 2F
1-1: Foul Ball, location: 2F
1-2: Ball
2-2: Ball
3-2: DOUBLE (Flyball, 9LD)
Batting: RHB Terry Armstrong 0-0: Ball
1-0: Ball
2-0: Called Strike
2-1: Ball
3-1: Base on Balls
Batting: RHB Ben Ross 0-0: Called Strike
0-1: Ball
1-1: Foul Ball, location: 2F
1-2: Ball
2-2: Strikes out looking
Batting: RHB Dong-po Tien 0-0: Foul Ball, location: 2F
0-1: Ball
1-1: Foul Ball, location: 2F
1-2: Strikes out swinging
Bottom of the 3rd over - 0 run(s), 1 hit(s), 0 error(s), 2 left on base; Ft. Worth 1 - Boston 1
TOP OF THE 4TH
Ft. Worth Cattlemen batting - Pitching for Boston Patriots : RHP Lúcio Sánchez
Batting: RHB Bart Lewis 0-0: Called Strike
0-1: Ground out 6-3 (Groundball, 6)
Batting: RHB Júlio Maldonado 0-0: Called Strike
0-1: Foul Ball, location: 2F
0-2: Foul Ball, location: 2F
0-2: Ball
1-2: Ball
2-2: Ball
3-2: Strikes out swinging
Batting: RHB Enrique Pérez 0-0: Foul Ball, location: 2F
0-1: Swinging Strike
0-2: Strikes out swinging
Top of the 4th over - 0 run(s), 0 hit(s), 0 error(s), 0 left on base; Ft. Worth 1 - Boston 1
BOTTOM OF THE 4TH
Boston Patriots batting - Pitching for Ft. Worth Cattlemen : LHP Paul Díaz
Batting: RHB Karl Schultz 0-0: Ball
1-0: Ball
2-0: SOLO HOME RUN (Line Drive, 78XD), Distance : 425 ft
Batting: LHB Alberto Enríquez 0-0: Ground out 5-3 (Groundball, 5)
Batting: LHB Bill Chambers 0-0: Called Strike
0-1: Ball
1-1: Ball
2-1: Ground out 4-3 (Groundball, 4)
Batting: LHB Markus Richardson 0-0: Ball
1-0: Called Strike
1-1: Ground out 1-3 (Groundball, 15)
Bottom of the 4th over - 1 run(s), 1 hit(s), 0 error(s), 0 left on base; Ft. Worth 1 - Boston 2
TOP OF THE 5TH
Ft. Worth Cattlemen batting - Pitching for Boston Patriots : RHP Lúcio Sánchez
Batting: SHB Robby Day 0-0: Swinging Strike
0-1: Ball
1-1: Called Strike
1-2: Ball
2-2: Ball
3-2: Foul Ball, location: 2F
3-2: Strikes out looking
Batting: RHB Joey Morgan 0-0: Called Strike
0-1: Foul Ball, location: 2F
0-2: Foul Ball, location: 2F
0-2: Ball
1-2: Strikes out swinging
Batting: RHB Dave King 0-0: Ground out 2-3 (Groundball, 23)
Top of the 5th over - 0 run(s), 0 hit(s), 0 error(s), 0 left on base; Ft. Worth 1 - Boston 2
BOTTOM OF THE 5TH
Boston Patriots batting - Pitching for Ft. Worth Cattlemen : LHP Paul Díaz
Batting: RHB Abílio Conceio 0-0: Ball
1-0: Foul Ball, location: 2F
1-1: Ball
2-1: Ball
3-1: Foul Ball, location: 2F
3-2: Foul Ball, location: 2F
3-2: Foul Ball, location: 2F
3-2: Fly out, F8 (Popup, 4MD)
Batting: RHB Tamasaburo Kato 0-0: Called Strike
0-1: Ground out 4-3 (Groundball, 4)
Batting: RHB Terry Armstrong 0-0: Called Strike
0-1: Foul Ball, location: 2F
0-2: Foul Ball, location: 2F
0-2: Ball
1-2: Ball
2-2: Fly out, F9 (Flyball, 89XD)
Bottom of the 5th over - 0 run(s), 0 hit(s), 0 error(s), 0 left on base; Ft. Worth 1 - Boston 2
TOP OF THE 6TH
Ft. Worth Cattlemen batting - Pitching for Boston Patriots : RHP Lúcio Sánchez
Batting: LHB Ryan Westlake 0-0: Foul Ball, location: 2F
0-1: Swinging Strike
0-2: Foul Ball, location: 2F
0-2: Ball
1-2: Fly out, F7 (Flyball, 78D)
Batting: RHB Matt Sheppard 0-0: SINGLE (Line Drive, 78S)
Batting: RHB Luis Rivas 0-0: Grounds into double play, 4-6-3 (Groundball, 4)
Top of the 6th over - 0 run(s), 1 hit(s), 0 error(s), 0 left on base; Ft. Worth 1 - Boston 2
BOTTOM OF THE 6TH
Boston Patriots batting - Pitching for Ft. Worth Cattlemen : LHP Paul Díaz
Batting: RHB Ben Ross 0-0: Foul Ball, location: 2F
0-1: Ball
1-1: Ball
2-1: SINGLE (Groundball, 34)
Batting: RHB Dong-po Tien 0-0: Ball
1-0: Called Strike
1-1: Ground out 3-1 (Groundball, 34S)
Ben Ross to second
Batting: RHB Karl Schultz 0-0: Intentional Walk
Batting: LHB Alberto Enríquez 0-0: Swinging Strike
0-1: Swinging Strike
0-2: Foul Ball, location: 2F
0-2: Grounds into double play, 4-6-3 (Groundball, 34)
Bottom of the 6th over - 0 run(s), 1 hit(s), 0 error(s), 1 left on base; Ft. Worth 1 - Boston 2
TOP OF THE 7TH
Ft. Worth Cattlemen batting - Pitching for Boston Patriots : RHP Lúcio Sánchez
Batting: RHB Bart Lewis 0-0: Called Strike
0-1: Ball
1-1: Foul Ball, location: 2F
1-2: Foul Ball, location: 2F
1-2: Ball
2-2: Ball
3-2: SINGLE (Line Drive, 4D)
Batting: RHB Júlio Maldonado 0-0: Called Strike
0-1: Ball
1-1: Called Strike
1-2: Strikes out swinging
Batting: RHB Enrique Pérez 0-0: Ball
1-0: Foul Ball, location: 2F
1-1: Foul Ball, location: 2F
1-2: Strikes out swinging
Batting: SHB Robby Day 0-0: Ball
1-0: Ball
2-0: Called Strike
2-1: 2-RUN HOME RUN (Flyball, 9D), Distance : 380 ft
Batting: RHB Joey Morgan 0-0: Ball
1-0: Ball
2-0: Called Strike
2-1: Called Strike
2-2: Ball
3-2: Foul Ball, location: 2F
3-2: Fly out, F7 (Line Drive, 7M)
Top of the 7th over - 2 run(s), 2 hit(s), 0 error(s), 0 left on base; Ft. Worth 3 - Boston 2
BOTTOM OF THE 7TH
Boston Patriots batting - Pitching for Ft. Worth Cattlemen : LHP Paul Díaz
Batting: LHB Bill Chambers 0-0: Ball
1-0: DOUBLE (Line Drive, 9D)
Pitching: RHP Harold Taylor
Batting: LHB Markus Richardson 0-0: Sac Bunt - play at first, batter OUT! 3-4
Bill Chambers to third
Batting: RHB Abílio Conceio 0-0: Called Strike
0-1: Ball
1-1: Foul Ball, location: 2F
1-2: DOUBLE (Line Drive, 3D)
Bill Chambers scores
Batting: RHB Tamasaburo Kato 0-0: Ball
1-0: Called Strike
1-1: Ball
2-1: Fly out, F7 (Flyball, 7D)
Batting: RHB Terry Armstrong 0-0: Ball
1-0: Ball
2-0: Swinging Strike
2-1: Ground out 6-3 (Groundball, 6)
Bottom of the 7th over - 1 run(s), 2 hit(s), 0 error(s), 1 left on base; Ft. Worth 3 - Boston 3
TOP OF THE 8TH
Ft. Worth Cattlemen batting - Pitching for Boston Patriots : RHP Lúcio Sánchez
Batting: RHB Dave King 0-0: Called Strike
0-1: Ball
1-1: Ball
2-1: Ground out 6-3 (Groundball, 6M)
Pitching: LHP John Coleman
Batting: LHB Ryan Westlake 0-0: Ball
1-0: Called Strike
1-1: Called Strike
1-2: Ball
2-2: Foul Ball, location: 2F
2-2: Strikes out swinging
Batting: RHB Matt Sheppard 0-0: Ground out U3 (Groundball, 3S)
Top of the 8th over - 0 run(s), 0 hit(s), 0 error(s), 0 left on base; Ft. Worth 3 - Boston 3
BOTTOM OF THE 8TH
Boston Patriots batting - Pitching for Ft. Worth Cattlemen : RHP Harold Taylor
Batting: RHB Ben Ross 0-0: Ground out 4-3 (Groundball, 4)
Pinch Hitting: LHB Pancho García 0-0: SINGLE (Line Drive, 8LS)
Batting: RHB Karl Schultz 0-0: Ball
1-0: Ball
2-0: Ball
3-0: Base on Balls
Pancho García to second
Batting: LHB Alberto Enríquez 0-0: Ball
1-0: Ball
2-0: Ball
3-0: Called Strike
3-1: Sac Bunt - play at first, batter OUT! 1-4
Pancho García to third
Karl Schultz to second
Batting: LHB Bill Chambers 0-0: Ball
1-0: Ball
2-0: Called Strike
2-1: Foul Ball, location: 2F
2-2: Foul Ball, location: 2F
2-2: SINGLE (Line Drive, 56)
Pancho García scores
Karl Schultz to third
Pinch Hitting: LHB Ki-tak Im 0-0: Ball
1-0: Ball
2-0: Swinging Strike
2-1: Foul Ball, location: 2F
2-2: Strikes out looking
Bottom of the 8th over - 1 run(s), 2 hit(s), 0 error(s), 2 left on base; Ft. Worth 3 - Boston 4
TOP OF THE 9TH
Ft. Worth Cattlemen batting - Pitching for Boston Patriots : LHP John Coleman
Pitching: RHP Kyung-un Yi
Now in LF: Emery Miller
Now in RF: Pancho García
Batting: RHB Luis Rivas 0-0: Fly out, F7 (Flyball, 78M)
Batting: RHB Bart Lewis 0-0: Called Strike
0-1: Ball
1-1: Foul Ball, location: 2F
1-2: Ball
2-2: SINGLE (Groundball, 56D)
Batting: RHB Júlio Maldonado 0-0: Ball
1-0: Ball
2-0: Ball
3-0: Called Strike
3-1: Foul Ball, location: 2F
3-2: Foul Ball, location: 2F
3-2: Base on Balls
Bart Lewis to second
Batting: RHB Enrique Pérez 0-0: Foul Ball, location: 2F
0-1: Foul Ball, location: 2F
0-2: Foul Ball, location: 2F
0-2: Foul Ball, location: 2F
0-2: Ball
1-2: Foul Ball, location: 2F
1-2: Strikes out swinging
Batting: SHB Robby Day 0-0: Ball
1-0: SINGLE (Groundball, 34D)
Bart Lewis to third
Júlio Maldonado to second
Runner from 3rd tries for Home, SAFE, no throw or cutoff
Batting: RHB Joey Morgan 0-0: Ball
Wild Pitch!
Júlio Maldonado to third
Robby Day to second
1-0: Foul Ball, location: 2F
1-1: Foul Ball, location: 2F
1-2: Ball
2-2: Fly out, F3 (Popup, 3SF)
Top of the 9th over - 1 run(s), 2 hit(s), 0 error(s), 2 left on base; Ft. Worth 4 - Boston 4
BOTTOM OF THE 9TH
Boston Patriots batting - Pitching for Ft. Worth Cattlemen : RHP Harold Taylor
Pitching: RHP Arinori Shibata
Batting: RHB Abílio Conceio 0-0: Called Strike
0-1: Ball
1-1: Ball
2-1: Ball
3-1: Swinging Strike
3-2: Base on Balls
Batting: RHB Tamasaburo Kato 0-0: Called Strike
0-1: Ball
1-1: 2-RUN HOME RUN (Line Drive, 8LXD), Distance : 432 ft
This league is powered by Out of the Park Baseball, the baseball management simulation game for PC, Mac and Linux
Monday, October 3rd, 2016 - OOTP Baseball 16.9 Build 39